 Dungeon Crawl Stone Soup version 0.17-a0-995-gb5fa8d7 (webtiles) character file.

1 ololoev the Grasshopper (level 1, 0/17 HPs)
             Began as a Ghoul Warper on May 12, 2015.
             Slain by a hobgoblin
             ... wielding a +0 club
              (5 damage)
             ... on level 1 of the Dungeon.
             The game lasted 00:00:17 (27 turns).

ololoev the Grasshopper (Ghoul Warper)                Turns: 27, Time: 00:00:17

Health: 0/17       AC:  3    Str: 14    XL:     1   Next: 20%
Magic:  2/2        EV: 11    Int:  8    God:
Gold:   0          SH:  0    Dex:  8    Spells: 1 memorised, 2 levels left

rFire  . . .     SeeInvis .       - Unarmed
rCold  + . .     Clarity  .     a - +0 leather armour
rNeg   + + +     SustAb   .     (no shield)
rPois  ∞         Gourm    .     (no helmet)
rElec  .         Spirit   .     (no cloak)
rCorr  .         Warding  .     (no gloves)
rMut   .         Stasis   .     (no boots)
MR     .....                    (no amulet)
Stlth  +.........               (no ring)
                                (no ring)

@: rotting, not resistant to hostile enchantments, very unstealthy
A: rotting body, claws 1, carnivore 3, cold resistance 1, negative energy
resistance 3, slow healing 1, torment resistance, unbreathing
a: no special abilities


Innate Abilities, Weirdness & Mutations

Your body is rotting away.
You thrive on raw meat.
You are immune to poison.
You have sharp fingernails.
You are carnivorous and can eat meat at any time.
Your flesh is cold resistant.
You are immune to negative energy.
You heal slowly when monsters are visible.
You are immune to unholy pain and torment.
You can survive without breathing.

Inventory:

Missiles
 d - 5 tomahawks of dispersal (quivered)
Armour
 a - a +0 leather armour (worn)
Scrolls
 c - a scroll of blinking
Books
 b - a book of Spatial Translocations

   Spells                             Type                      Level
   a - Apportation                    Translocation                1
   b - Blink                          Translocation                2
   c - Shroud of Golubria             Charms/Translocation         2
   d - Portal Projectile              Translocation                3
   e - Teleport Other                 Translocation                3
   f - Passage of Golubria            Translocation                4
Comestibles
 e - a meat ration


   Skills:
 - Level 2.1 Fighting
 - Level 0.8 Throwing
 + Level 1.1 Armour
 - Level 1.7 Dodging
 * Level 2.1 Unarmed Combat
 - Level 1.7 Spellcasting
 - Level 2.6 Translocations


You had 2 spell levels left.
You knew the following spells:

 Your Spells              Type           Power        Failure   Level  Hunger
a - Apportation           Tloc           #.........   17%         1    ##.....


You were on level 1 of the Dungeon.
You were not hungry.

You visited 1 branch of the dungeon, and saw 1 of its levels.

#.# # #.. #.# .# #.#
##.## #.# #.# ##.#.###.#
#.# #.#.#.#.# #.# #
#.<.#.## #.# .# .#
#.#.#.#.#####.######.#..#
##.#.###†#..............#
##.## ##..##...@g....$.#
#.# #.#######g####.. #.#
#.........# .#
#.........†.# #
#.#######.#.# ... ......
#.# ... ### #.# ##.#.
#.#.

Notes
Turn   | Place    | Note
--------------------------------------------------------------
     0 | D:1      | ololoev the Ghoul Warper began the quest for the Orb.
     0 | D:1      | Reached XP level 1. HP: 17/17 MP: 2/2
     7 | D:1      | Reached skill level 1 in Armour
    27 | D:1      | Slain by a hobgoblin

Dungeon Overview and Level Annotations

Branches:
Dungeon (1/15)

Altars:


Message History

A giant newt and a hobgoblin come into view.
The hobgoblin shouts!
The giant newt moves out of view.
A hobgoblin comes into view.
The hobgoblin shouts!
The giant newt bites you.
You barely miss the giant newt. The giant newt closely misses you.
You scratch the giant newt.
You kill the giant newt!
You closely miss the hobgoblin. You closely miss the hobgoblin.
The hobgoblin hits you with a club. The hobgoblin closely misses you.
You scratch the hobgoblin.
The hobgoblin begins to bleed from its wounds!
The hobgoblin is almost dead.
The hobgoblin hits you with a club. The hobgoblin hits you.
You are too injured to fight recklessly!
You are too injured to fight recklessly!
You are too injured to fight recklessly!
You are too injured to fight recklessly!
You are too injured to fight recklessly!
You are too injured to fight recklessly!
You are too injured to fight recklessly!
You are too injured to fight recklessly!
You are too injured to fight recklessly!
You are too injured to fight recklessly!
You are too injured to fight recklessly!
You are too injured to fight recklessly!
You are too injured to fight recklessly!
You are too injured to fight recklessly!
You are too injured to fight recklessly!
You are too injured to fight recklessly!
You are too injured to fight recklessly!
You are too injured to fight recklessly!
You closely miss the hobgoblin.
The hobgoblin is almost dead.
The hobgoblin is no longer bleeding.
Your leather armour prevents you from hitting the hobgoblin.
The hobgoblin hits you with a club.
You die...

You could see 2 hobgoblins.

Vanquished Creatures
  A giant newt (D:1)
  A rat (D:1)
2 creatures vanquished.

Action                   || total
-------------------------++-------
Melee: Unarmed           ||    10

Vault maps used:
D:1:      minmay_arrival_diagonal_passages
